 Dungeon Crawl Stone Soup version 0.26-a0-712-ga5a9c9c9d0 (webtiles) character file.

Game seed: 2070928819708638746

445 kae the Insei (level 7, 0/38 HPs)
             Began as a Tengu Transmuter on Nov 13, 2020.
             Slain by a centaur (8 damage)
             ... on level 4 of the Dungeon.
             The game lasted 00:03:50 (4860 turns).

kae the Insei (Tengu Transmuter)                    Turns: 4860, Time: 00:03:51

Health: 0/38       AC:  2    Str: 13    XL:     7   Next: 3%
Magic:  7/11       EV: 20    Int: 13    God:
Gold:   260        SH:  0    Dex: 19    Spells: 6/10 levels left

rFire    + . .     SeeInvis .     - Unarmed
rCold    . . .     Faith    .   (shield currently unavailable)
rNeg     + . .     Spirit   .   (armour currently unavailable)
rPois    x         Reflect  .   (helmet currently unavailable)
rElec    .         Harm     .   (cloak currently unavailable)
rCorr    .         Rampage  .   (gloves currently unavailable)
MR       .....                  (boots unavailable)
Stlth    ++........             (no amulet)
HPRegen  0.12/turn              l - ring of protection from fire
MPRegen  0.12/turn              q - ring of positive energy

@: lethally poisoned (0 -> -3), spider-form (expiring)
A: tiny, able to fly
a: Fly, End Transformation


You were on level 4 of the Dungeon.
You were a venomous arachnid creature.
You visited 1 branch of the dungeon, and saw 5 of its levels.

You collected 260 gold pieces.

Inventory:

Armour
 a - a +0 robe (melded)
 d - a +1 pair of gloves (melded)
Jewellery
 f - an uncursed ring of fire
 l - a ring of protection from fire (left front leg)
 q - a ring of positive energy (right front leg)
Wands
 e - a wand of paralysis (9)
Scrolls
 g - 8 scrolls of teleportation
 i - 2 scrolls of enchant weapon
 k - a scroll of magic mapping
 n - 2 scrolls of enchant armour
 o - a scroll of amnesia {unknown}
Potions
 b - a potion of resistance
 c - a potion of haste
 h - a potion of heal wounds
 j - 2 potions of curing
 m - 2 potions of mutation {unknown}
 p - a potion of brilliance {unknown}
 r - a potion of lignification {unknown}
 t - 2 potions of flight {unknown}


   Skills:
 - Level 1.0 Fighting
 - Level 2.1 Dodging
 + Level 5.5 Unarmed Combat
 - Level 2.0 Spellcasting
 * Level 5.0 Transmutations


You had 6 spell levels left.
You knew the following spells:

 Your Spells              Type           Power        Failure   Level
a - Beastly Appendage     Tmut           ##....       11%         1
b - Spider Form           Tmut/Pois      #.........   47%         3

Your spell library contained the following spells:

 Spells                   Type           Power        Failure   Level
 Wereblood                Tmut           ##......     14%         2
 Animate Skeleton         Necr           #.....       47%         1
 Apportation              Tloc           #.....       47%         1
 Corona                   Hex            #......      47%         1
 Summon Small Mammal      Summ           #...         47%         1
 Ice Form                 Ice/Tmut       #.......     83%         4
 Blade Hands              Tmut           ##........   83%         5


Dungeon Overview and Level Annotations

Branches:
Dungeon (5/15)
 Temple: D:4-7

Altars:
Ashenzari
Cheibriados


Innate Abilities, Weirdness & Mutations

((You have a beak for a mouth.))
((You have claws for feet.))
You can fly continuously.


Message History

The arrow closely misses you.
You feel sick.
The centaur unwields a +0 shortbow.
The centaur misses you.
You see here a +0 leather armour.
You hit the centaur but do no damage.
The centaur is poisoned.
Your transformation is almost over.
The centaur closely misses you. The centaur hits you!
* * * LOW HITPOINT WARNING * * *
You hit the centaur.
The centaur looks as sick as possible!
The centaur is moderately wounded.
You feel sick. The centaur completely misses you.
You hit the centaur.
The centaur looks as sick as possible!
The centaur is heavily wounded.
The centaur barely misses you.
You hit the centaur but do no damage.
The centaur looks as sick as possible!
The centaur is severely wounded.
The centaur misses you. The centaur completely misses you.
You hit the centaur but do no damage.
The centaur looks as sick as possible!
The centaur is almost dead.
The centaur hits you!
You die...

#.....)........######>.
#..#######.##..........
#..# #.............
#..# ####..#######.
#..####### #..# #.
#........# #..# #.
##(#####.####..# ##
#.####(..##...## #####
#(...sc........###....
######..........##.###
##.#........#.#
#.#......).#.#
#.##.....#.#.#
#.###...##.#.# #.#
######.#.# #########)#
#.#.# #.<)....).# #.#.#


You could see a centaur (extremely poisoned).

Vanquished Creatures
  An ogre (D:4)
  2 orc priests (D:4)
  2 hounds
  2 orc wizards (D:4)
  2 worker ants
  A hound skeleton (D:4)
  A howler monkey skeleton (D:4)
  2 adders (D:4)
  2 dart slugs
  2 leopard geckos
  13 orcs
  3 ball pythons
  8 bats
  5 giant cockroaches
  9 hobgoblins
  A jackal (D:3)
  8 kobolds
  A quokka (D:3)
  13 frilled lizards
  6 goblins
  9 rats
93 creatures vanquished.

Vanquished Creatures (others)
  An orc wizard (D:5)
1 creature vanquished.

Grand Total: 94 creatures vanquished

Notes
Turn   | Place    | Note
-------+----------+-------------------------------------------
     0 | D:1      | kae the Tengu Transmuter began the quest for the Orb.
     0 | D:1      | Reached XP level 1. HP: 12/12 MP: 4/4
   352 | D:1      | Reached XP level 2. HP: 12/16 MP: 4/6
  1092 | D:1      | Reached XP level 3. HP: 19/20 MP: 5/7
  1521 | D:2      | Learned a level 3 spell: Spider Form
  1585 | D:2      | Found a snail-covered altar of Cheibriados.
  2656 | D:3      | Reached XP level 4. HP: 23/25 MP: 6/8
  2923 | D:3      | Found a broken altar of Ashenzari.
  3438 | D:4      | Gained mutation: You can fly continuously. [Tengu growth]
  3438 | D:4      | Reached XP level 5. HP: 10/29 MP: 5/9
  3904 | D:4      | Reached XP level 6. HP: 30/34 MP: 8/10
  4142 | D:4      | Reached skill level 5 in Unarmed Combat
  4824 | D:5      | Entered Level 5 of the Dungeon
  4843 | D:5      | Reached skill level 5 in Transmutations
  4843 | D:5      | Reached XP level 7. HP: 33/38 MP: 8/11
  4860 | D:4      | Slain by a centaur

Illustrated notes

Levels and vault maps discovered:
D:1:      lemuel_arrival_hallway, layout_basic
D:2:      layout_rooms, nicolae_overflow_crystal_walls
D:3:      minmay_inner_zag, layout_basic, cheibrodos_ashenzari_chains
D:4:      layout_loops_ring
D:5:      layout_cave_pools, tso_altar, nicolae_overflow_hidden_temple,
          chequers_serial_rivers_marsh, uniq_ijyb

Skill      XL: |  1  2  3  4  5  6 |
---------------+-------------------+-----
Transmutations | 2 3 4 5 |  5.0
Unarmed Combat | 4 5 |  5.5
Fighting       | |  1.0
Dodging        | |  2.1
Spellcasting   | |  2.0

Action                   |  1- 3 |  4- 6 |  7- 9 || total
-------------------------+-------+-------+-------++-------
Melee: Unarmed           |   126 |   110 |    11 ||   247
       Kick              |    24 |    22 |       ||    46
       Peck              |     9 |    13 |       ||    22
       Headbutt          |    11 |     8 |       ||    19
       Punch             |     3 |     1 |       ||     4
 Cast: Beastly Appendage |    30 |    13 |       ||    43
       Spider Form       |       |     6 |     1 ||     7
  Use: Scroll            |     8 |     3 |       ||    11
 Stab: Sleeping          |     2 |     1 |       ||     3
Armor: Robe              |    32 |    24 |       ||    56
       Skin              |       |     2 |       ||     2
Dodge: Dodged            |    77 |    71 |    16 ||   164

Table legend: (Time is in decaauts)
 A = Elapsed time spent in this place.
 B = Non-inter-level travel time spent in this place.
 C = Inter-level travel time spent in this place.
 D = Time resting spent in this place.
 E = Time spent auto-exploring this place.
 F = Levels seen in this place.
 G = Mean time per level.
                   A        B        C        D        E       F      G
               +--------+--------+--------+--------+--------+-----+--------+
         Total |   4840 |   4766 |     74 |    241 |   3846 |   5 |  968.0 |
       Dungeon |   4840 |   4766 |     74 |    241 |   3846 |   5 |  968.0 |
               +--------+--------+--------+--------+--------+-----+--------+

Top non-repeatable levels by time:
     D:1: 1461 daAuts
     D:4: 1326 daAuts
     D:3: 1316 daAuts
     D:2: 713 daAuts
     D:5: 21 daAuts
